 Dungeon Crawl Stone Soup version 0.23-a0-169-gb21e69520c (webtiles) character file.

217 Holzbalken the Poker (level 5, -6/38 HPs)
             Began as a Demonspawn Gladiator on Sept 12, 2018.
             Was an Initiate of Ashenzari.
             Mangled by a human (7 damage)
             ... on level 3 of the Dungeon.
             The game lasted 00:14:39 (3130 turns).

Holzbalken the Poker (Demonspawn Gladiator)         Turns: 3130, Time: 00:14:39

Health: -6/38      AC:  3    Str: 14    XL:     5   Next: 61%
Magic:  5/5        EV: 14    Int:  9    God:    Ashenzari [......]
Gold:   134        SH:  4    Dex: 16    Spells: 4/4 levels left

rFire    . . .     SeeInvis .   a - +0 trident
rCold    . . .     Gourm    .   (no shield)
rNeg     . . .     Faith    .   b - +0 leather armour
rPois    .         Spirit   .   (helmet restricted)
rElec    .         Reflect  .   (no cloak)
rCorr    .         Harm     .   (no gloves)
MR       .....                  (no boots)
Stlth    +.........             q - amulet of the acrobat
HPRegen  0.12/turn              (no ring)
MPRegen  0.09/turn              (no ring)

@: no status effects
A: antennae 1, large bone plates 1
a: Curse Item, Renounce Religion


You were on level 3 of the Dungeon.
You worshipped Ashenzari.
Ashenzari was noncommittal.
You were not hungry.

You visited 1 branch of the dungeon, and saw 3 of its levels.

You collected 134 gold pieces.

Inventory:

Hand Weapons
 a - a +0 trident (weapon)
Missiles
 d - 3 throwing nets (quivered)
Armour
 b - a +0 leather armour (worn)
 c - a +0 helmet
Jewellery
 q - an amulet of the acrobat (around neck)
Scrolls
 e - 4 scrolls of identify {unknown}
 g - a scroll of amnesia {unknown}
 i - a scroll of magic mapping {unknown}
 k - a scroll of immolation {unknown}
 m - 2 scrolls of remove curse
 n - a scroll of enchant weapon {unknown}
Potions
 h - 3 potions of heal wounds {unknown}
 j - 2 potions of lignification {unknown}
 l - a potion of resistance {unknown}
 p - a potion of invisibility {unknown}
Comestibles
 f - 8 rations


   Skills:
 - Level 2.0 Fighting
 * Level 5.0 Polearms
 - Level 1.7 Throwing
 + Level 3.9 Dodging


You had 4 spell levels left.
You didn't know any spells.
Your spell library was empty.

Dungeon Overview and Level Annotations

Branches:
Dungeon (3/15)

Altars:
Ashenzari
Dithmenos
Gozag
Kikubaaqudgha
Okawaru
Ru
Vehumet
Yredelemnul


Innate Abilities, Weirdness & Mutations

You have a pair of small antennae on your head.
You are partially covered in large bone plates. (SH +4)


Message History

The human hits you.
* * * LOW HITPOINT WARNING * * *
You hit the human.
The human is almost dead.
The human hits you.
* * * LOW HITPOINT WARNING * * *
You closely miss the human.
The human is almost dead.
The human hits you.
* * * LOW HITPOINT WARNING * * *
You closely miss the human.
The human is almost dead.
The human hits you but does no damage.
You closely miss the human.
The human is almost dead.
The human hits you but does no damage.
You completely miss the human.
The human is almost dead.
The human hits you!
You die...

######## ##......#
#8......# #.......#
#####......#
#...#.###..#
#._.#@p.#..#
#...#.###..#
#####......#########
#...............#
####8..............#
...................#
########...........###
#....................#
#.####......###รท#....#


You could see a human.

Vanquished Creatures
  Natasha (thrice) (D:2)
  Robin (D:2)
  5 adders
  2 dart slugs (D:3)
  2 worms (D:2)
  3 leopard geckos
  2 giant cockroaches (D:2)
  20 goblins
  12 hobgoblins
  3 jackals (D:2)
  A kobold (D:3)
  3 quokkas
  4 bats
  4 frilled lizards
  10 rats
75 creatures vanquished.

Notes
Turn   | Place    | Note
-------+----------+-------------------------------------------
     0 | D:1      | Holzbalken the Demonspawn Gladiator began the quest for the
                  | Orb.
     0 | D:1      | Reached XP level 1. HP: 16/16 MP: 1/1
    81 | D:1      | Reached skill level 3 in Polearms
   254 | D:1      | Gained mutation: You have a pair of small antennae on your
                  | head. [demonic ancestry]
   254 | D:1      | Reached XP level 2. HP: 22/22 MP: 2/2
   755 | D:2      | Noticed Natasha
   763 | D:2      | Killed Natasha
   763 | D:2      | Reached XP level 3. HP: 13/27 MP: 3/3
  1122 | D:2      | Found a radiant altar of Vehumet.
  1219 | D:2      | Found a shattered altar of Ashenzari.
  1226 | D:2      | Became a worshipper of Ashenzari the Shackled
  1273 | D:2      | Reached skill level 4 in Polearms
  1273 | D:2      | Reached XP level 4. HP: 33/33 MP: 4/4
  1389 | D:2      | Noticed Natasha
  1404 | D:2      | Killed Natasha
  1638 | D:2      | Noticed Natasha
  1651 | D:2      | Killed Natasha
  1689 | D:2      | Noticed Robin
  1693 | D:2      | Gained mutation: You are partially covered in large bone
                  | plates. (SH +4) [demonic ancestry]
  1693 | D:2      | Reached XP level 5. HP: 24/38 MP: 5/5
  1701 | D:2      | Killed Robin
  1975 | D:2      | Found an iron altar of Okawaru.
  1979 | D:2      | Found a sacrificial altar of Ru.
  1980 | D:2      | Found an ancient bone altar of Kikubaaqudgha.
  1982 | D:2      | Found a shadowy altar of Dithmenos.
  1984 | D:2      | Found an opulent altar of Gozag.
  2710 | D:3      | Reached skill level 5 in Polearms
  3079 | D:3      | Noticed a human
  3080 | D:3      | Found a runed door.
  3093 | D:3      | Found a basalt altar of Yredelemnul.
  3127 | D:3      | HP: 1/38 [human (2)]
  3130 | D:3      | Mangled by a human

Vault maps used:
D:1:      scummos_arrival_simple_fountains
D:2:      lemuel_coloured_pillars_altar, minitemple, ashenzari_altar_1,
          uniq_natasha, uniq_robin
D:3:      nicolae_overflow_hidden_temple, dk_yredelemnul_ordeal

Skill      XL: |  1  2  3  4  5 |
---------------+----------------+-----
Polearms       | 3 4 5 |  5.0
Dodging        | 3 |  3.9
Fighting       | |  2.0
Throwing       | |  1.7

Action                   |  1- 3 |  4- 6 || total
-------------------------+-------+-------++-------
Melee: Trident           |    91 |   194 ||   285
 Stab: Sleeping          |     2 |     1 ||     3
  Eat: Chunk             |     1 |     6 ||     7
Armor: Leather armour    |     9 |    27 ||    36
Dodge: Dodged            |    44 |    79 ||   123
Block: Other             |       |    21 ||    21

Table legend:
 A = Non-vault XP
 B = Vault XP
 C = Vault XP percentage of total XP
 D = Non-vault monster count
 E = Vault monster count
 F = Vault count percentage of total count
                 A         B        C        D         E       F
            +---------+---------+-------+---------+---------+-------
      Total |     236 |      74 |  23.9 |      61 |      14 |  18.7
            +---------+---------+-------+---------+---------+-------
        D:1 |      28 |       0 |   0.0 |      16 |       0 |   0.0
        D:2 |     137 |      74 |  35.1 |      26 |      14 |  35.0
        D:3 |      71 |       0 |   0.0 |      19 |       0 |   0.0
            +---------+---------+-------+---------+---------+-------
